 Dungeon Crawl Stone Soup version 0.23.2-40-g277498a (webtiles) character file.

Game seed: 13385835756274958690

2332 Dharzhak the Cleaver (level 9, -2/75 HPs)
             Began as a Minotaur Fighter on Sept 9, 2019.
             Slain by an orc warrior
             ... wielding a +0 broad axe
              (31 damage)
             ... in a bailey.
             The game lasted 00:17:07 (6912 turns).

Dharzhak the Cleaver (Minotaur Fighter)             Turns: 6912, Time: 00:17:07

Health: -2/75      AC: 10    Str: 29    XL:     9   Next: 19%
Magic:  8/8        EV: 10    Int:  5    God:
Gold:   287        SH: 12    Dex: 10    Spells: 8/8 levels left

rFire    . . .     SeeInvis .   a - +0 war axe
rCold    . . .     Gourm    .   c - +1 shield
rNeg     + . .     Faith    .   b - +0 scale mail
rPois    .         Spirit   .   (helmet restricted)
rElec    .         Reflect  .   z - +0 cloak
rCorr    .         Harm     .   (no gloves)
MR       .....                  v - +0 pair of boots
Stlth    ..........             (no amulet)
HPRegen  0.22/turn              j - ring of wizardry
MPRegen  0.11/turn              n - ring of positive energy

@: mighty, marked, hasted, very quick
A: retaliatory headbutt, horns 2
a: no special abilities


You were in a bailey.
You were not hungry.

You visited 2 branches of the dungeon, and saw 8 of its levels.
You also visited: Bailey.

You collected 287 gold pieces.

Inventory:

Hand Weapons
 a - a +0 war axe (weapon)
 A - the cursed +1 flail of Feudior {crush, Dex+2}
   (You found it on level 5 of the Dungeon)

   It inflicts extra damage upon your enemies.
   It affects your dexterity (+2).
   It has a curse placed upon it.
Missiles
 i - 253 stones
 o - 5 tomahawks (quivered)
Armour
 b - a +0 scale mail (worn)
 c - a +1 shield (worn)
 v - a +0 pair of boots (worn)
 z - a +0 cloak (worn)
Jewellery
 j - a ring of wizardry (left hand)
 n - a ring of positive energy (right hand)
Scrolls
 e - a scroll of remove curse
 l - a scroll of random uselessness
 m - a scroll of teleportation
 p - 2 scrolls of noise
Potions
 d - a potion of might
 g - 2 potions of curing
 k - 2 potions of invisibility
 q - a potion of flight
 r - a potion of agility
 s - a potion of brilliance {unknown}
 t - a potion of berserk rage {unknown}
 w - a potion of lignification {unknown}
Comestibles
 f - 9 rations
 u - 3 chunks of flesh


   Skills:
 * Level 5.9 Fighting
 * Level 9.1 Axes
 + Level 3.1 Throwing
 * Level 7.4 Armour
 * Level 3.8 Dodging
 + Level 0.6 Stealth
 * Level 7.0 Shields


You had 8 spell levels left.
You didn't know any spells.
Your spell library was empty.

Dungeon Overview and Level Annotations

Branches:
Dungeon (7/15)             Temple (1/1) D:5

Altars:
Ashenzari
Cheibriados
Dithmenos
Elyvilon
Fedhas
Hepliaklqana
Makhleb
Okawaru
Qazlal
Sif Muna
Trog
Uskayaw
Vehumet
Yredelemnul
The Shining One

Shops:
D:4 ?


Innate Abilities, Weirdness & Mutations

You reflexively headbutt those who attack you in melee.
You have a pair of horns on your head.


Message History

The orc warrior hits you with a +0 war axe!!
You feel yourself speed up. You block the orc knight's attack.
A gnoll comes into view. It is wielding a +0 hand axe.
You feel very mighty all of a sudden.
The orc warrior hits you with a +0 war axe!
The orc knight hits you with a +0 war axe!
Okay, then.
You slice the orc knight!!
The orc knight is moderately wounded.
You closely miss the orc warrior. x2; The orc warrior pulls the alarm!
The alarm trap emits a blaring wail!
The mark upon you grows brighter.
The orc warrior pulls the alarm!
The alarm trap emits a blaring wail!
The mark upon you grows brighter.
An orc comes into view. It is wielding a +0 war axe.
You hit the orc knight. You headbutt the orc knight.
The orc knight is heavily wounded.
You barely miss the orc warrior. You hit the orc warrior.
The orc warrior hits you with a +0 broad axe!!
You die...
K≈o≈K

#≈g≈#
K≈.≈K
≈o≈ ≈.≈
##o##
##oo)##
#8o@o8#
##.∩.##
##8##
###


You could see an orc knight, 3 orc warriors, a gnoll, 3 orcs and 4 kobolds.

Vanquished Creatures
  The ghost of Cheops the Charmwright, a novice GnSk (D:4)
  Duvessa (D:6)
  An orc warrior (Bailey)
  A phantom (D:4)
  A hornet zombie (D:6)
  2 ogres (D:6)
  2 centaurs
  3 bullfrogs
  Dowan (D:6)
  4 wights (D:6)
  A howler monkey (D:4)
  A crimson imp (D:7)
  A centaur zombie (D:6)
  A hound (D:4)
  An orc wizard (D:3)
  A gnoll shaman (D:5)
  An iron imp (D:6)
  Jessica (D:2)
  2 bullfrog skeletons
  4 iguanas
  3 worker ants
  A hound zombie (D:7)
  A worker ant zombie (D:5)
  8 gnolls
  14 adders
  A river rat (D:4)
  An ooze (D:5)
  An adder zombie (D:5)
  2 worms
  3 dart slugs
  2 leopard geckos
  10 orcs
  A ball python (D:5)
  7 giant cockroaches
  8 hobgoblins
  12 jackals
  A quokka (D:4)
  4 bats
  6 frilled lizards
  9 goblins
  7 kobolds
  A quokka skeleton (D:5)
  A rat (D:2)
135 creatures vanquished.

Notes
Turn   | Place    | Note
-------+----------+-------------------------------------------
     0 | D:1      | Dharzhak the Minotaur Fighter began the quest for the Orb.
     0 | D:1      | Reached XP level 1. HP: 19/19 MP: 0/0
   301 | D:1      | Reached XP level 2. HP: 26/26 MP: 1/1
   336 | D:1      | Reached skill level 3 in Axes
   696 | D:1      | You fall through a shaft!
   702 | D:2      | Noticed Jessica
   714 | D:2      | Killed Jessica
   714 | D:2      | Reached XP level 3. HP: 32/33 MP: 2/2
   779 | D:2      | Reached XP level 4. HP: 40/40 MP: 3/3
   848 | D:2      | Found an iron altar of Okawaru.
   862 | D:2      | Reached skill level 4 in Axes
   939 | D:2      | Found a faded altar of an unknown god.
   997 | D:2      | Reached skill level 1 in Dodging
  1716 | D:3      | Reached XP level 5. HP: 36/46 MP: 4/4
  2600 | D:4      | Found Aluaz's Magic Scroll Shoppe.
  2613 | D:4      | Reached skill level 5 in Shields
  2909 | D:4      | Reached skill level 5 in Armour
  2909 | D:4      | Reached XP level 6. HP: 48/52 MP: 5/5
  2980 | D:4      | Found a runed translucent door.
  2985 | D:4      | Noticed Cheops's ghost (novice GnSk)
  3065 | D:4      | Reached skill level 5 in Axes
  3065 | D:4      | Reached skill level 1 in Throwing
  3389 | D:4      | Found a runed translucent door.
  3538 | D:4      | Reached XP level 7. HP: 57/60 MP: 6/6
  3759 | D:5      | Entered Level 5 of the Dungeon
  3908 | D:5      | Reached skill level 6 in Axes
  3995 | D:5      | Found a staircase to the Ecumenical Temple.
  4015 | Temple   | Entered the Ecumenical Temple
  4288 | D:5      | Found a white marble altar of Elyvilon.
  4580 | D:5      | Found a shattered altar of Ashenzari.
  4831 | D:5      | Got a crude flail
  4832 | D:5      | Identified the cursed +1 flail of Feudior {crush, Dex+2}
                  | (You found it on level 5 of the Dungeon)
  5364 | D:6      | Reached skill level 7 in Axes
  5579 | D:6      | Found a snail-covered altar of Cheibriados.
  5615 | D:6      | Reached skill level 5 in Fighting
  5615 | D:6      | Reached XP level 8. HP: 47/68 MP: 7/7
  5864 | D:6      | Reached skill level 8 in Axes
  6094 | D:6      | Noticed Duvessa
  6096 | D:6      | Noticed Dowan
  6103 | D:6      | Killed Dowan
  6104 | D:6      | Killed Duvessa
  6484 | D:4      | Killed Cheops's ghost
  6484 | D:4      | Reached XP level 9. HP: 49/75 MP: 8/8
  6815 | D:7      | Found a blossoming altar of Fedhas.
  6838 | D:7      | Reached skill level 9 in Axes
  6854 | D:7      | Found a flagged portal.
  6879 | Bailey   | Entered a bailey
  6902 | Bailey   | Noticed an orc knight
  6912 | Bailey   | Slain by an orc warrior

Skill      XL: |  1  2  3  4  5  6  7  8  9 |
---------------+----------------------------+-----
Axes           | 3 4 5 7 8 9 |  9.1
Armour         | 4 5 6 7 |  7.4
Shields        | 4 5 6 7 |  7.0
Dodging        | 1 2 3 |  3.8
Fighting       | 4 5 |  5.9
Throwing       | 1 3 |  3.1
Stealth        | |  0.6

Action                   |  1- 3 |  4- 6 |  7- 9 || total
-------------------------+-------+-------+-------++-------
Melee: War axe           |    56 |   131 |   195 ||   382
       Headbutt          |     9 |    26 |    44 ||    79
Throw: Tomahawk          |    15 |    31 |    26 ||    72
       Stone             |       |       |     2 ||     2
  Use: Scroll            |       |     2 |    13 ||    15
       Potion            |       |       |     4 ||     4
  Eat: Chunk             |       |     8 |     9 ||    17
       Ration            |       |       |     1 ||     1
Armor: Scale mail        |    34 |    61 |    58 ||   153
Dodge: Dodged            |    22 |    49 |    74 ||   145
Block: Shield            |    39 |   101 |   102 ||   242
